 Dungeon Crawl Stone Soup version 0.28.0-49-g6dfe1f597d (webtiles) character file.

Game seed: 18094402464316349572

235 mortz the Conjurer (level 5, 0/28 HPs)
             Began as a Deep Elf Conjurer on May 13, 2022.
             Frozen to death by an endoplasm (4 damage)
             ... on level 3 of the Dungeon.
             The game lasted 00:14:44 (3461 turns).

mortz the Conjurer (Deep Elf Conjurer)              Turns: 3461, Time: 00:14:44

Health: 0/28       AC:  3    Str:  4    XL:     5   Next: 76%
Magic:  5/14       EV: 11    Int: 25    God:
Gold:   102        SH:  0    Dex: 13    Spells: 11/14 levels left

rFire   . . .      SeeInvis +   d - +1 dagger (elec) {short}
rCold   . . .      Faith    .   (no shield)
rNeg    . . .      Spirit   .   m - +0 leather armour
rPois   .          Reflect  .   (no helmet)
rElec   .          Harm     .   (no cloak)
rCorr   .          Rampage  .   (no gloves)
Will    .....                   (no boots)
Stlth   ++........              (no amulet)
HPRegen 0.09/turn               i - ring of see invisible
MPRegen 0.14/turn               (no ring)

@: invisible
A: no striking features
a: no special abilities


You were on level 3 of the Dungeon.
You visited 1 branch of the dungeon, and saw 5 of its levels.

You collected 102 gold pieces.


   Skills:
 + Level 0.4 Fighting
 + Level 0.4 Armour
 + Level 2.8 Dodging
 + Level 3.1 Stealth
 + Level 5.1 Spellcasting
 + Level 6.4 Conjurations


You had 11 spell levels left.
You knew the following spells:

 Your Spells              Type           Power      Damage    Failure   Level
a - Magic Dart            Conj           100%       1d8       1%          1
b - Searing Ray           Conj           76%        2d7       1%          2

Your spell library contained the following spells:

 Spells                   Type           Power      Damage    Failure   Level
 Dazzling Flash           Conj/Hex       44%        N/A       12%         3
 Ensorcelled Hibernation  Hex/Ice        12%        N/A       22%         2
 Passwall                 Tmut/Erth      5%         N/A       22%         2
 Fulminant Prism          Conj/Hex       11%        3d9       36%         4
 Iskenderun's Mystic Bla  Conj/Tloc      22%        2d6       36%         4
 Swiftness                Air            6%         N/A       41%         3

Inventory:

Hand Weapons
 b - a +0 hand axe {axe}
   (You took it off an orc on level 2 of the Dungeon)
 d - a +1 dagger of electrocution (weapon) {short}
   (You took it off an orc wizard on level 2 of the Dungeon)
 f - a +0 mace {mace}
   (You took it off an orc on level 2 of the Dungeon)
Missiles
 h - 2 stones {throwing}
 j - 5 poisoned darts {throwing}
Armour
 m - a +0 leather armour (worn)
   (You took it off a kobold on level 2 of the Dungeon)
Jewellery
 i - a ring of see invisible (left hand)
   (You found it on level 1 of the Dungeon)
Scrolls
 a - a scroll of blinking {unknown}
 e - 2 scrolls of teleportation {unknown}
Potions
 g - a potion of cancellation {unknown}
 k - a potion of curing {unknown}
 l - a potion of might {unknown}
 n - a potion of heal wounds {unknown}
 o - a potion of lignification {unknown}

Dungeon Overview and Level Annotations

Branches:
Dungeon (5/15)
 Temple: D:4-7

Altars:

Annotations:
D:2 1 runed translucent door, Crazy Yiuf

#.......## ##...#..
..#.......# ####.....
##.#.......#
....#....
.b.........###.......
.....................
.....................
...........##.....##
...........##.#####
.......@...#..#
.......bJ###.##
.............#
........[.#### #
..........# #.
........### #.##
.......## ##...
#...### ###...g .##
......g


You could see an endoplasm and 2 bats.


Message History

(Press . to maintain the ray.) 😎 MP[-2]
You lost 2 mp, and now have 2/14 mp.
You start resting.
An orc is nearby! 😎 MP[+1]
Casting: Searing Ray (safe; 1% risk of failure)
Confirm with . or Enter, or press ? or * to list all spells.
Aiming: Searing Ray (safe; 1% risk of failure)
Press: ? - help, Shift-Dir - straight line, f - orc
Aim: an orc, wielding a +0 flail and wearing a +0 chain mail (wandering, hasn't noticed you, 86% to hit)
The searing ray misses the orc. (Press . to maintain the ray.)
The orc shouts!
You hear a shout! 😎 MP[-2]
You lost 2 mp, and now have 1/14 mp.
The searing ray hits the orc. 😎 MP[-1]
You lost 1 mp, and now have 0/14 mp.
Without enough magic to sustain it, your searing ray dissipates.
You closely miss the orc. You punch the orc.
The orc hits you with a +0 flail! 😮 HP[-9]
You take 9 damage, and now have 19/28 hp.
MASSIVE DAMAGE!! (PAUSE)
You hit the orc but do no damage. The orc closely misses you.
You closely miss the orc. The orc misses you. 😮 MP[+1]
You completely miss the orc.
The orc hits you with a +0 flail. 😮 HP[-4]
You take 4 damage, and now have 15/28 hp.
You can't go up here!
The orc hits you with a +0 flail.
* * * LOW HITPOINT WARNING * * *
You climb downwards.
There is a stone staircase leading up here. 😨 HP[-5]
You take 5 damage, and now have 10/28 hp. 😨 MP[+1]
There is a stone staircase leading up here.
The orc barely misses you.
You climb upwards.
There is a stone staircase leading down here. 😨 HP[+1]
Casting: Searing Ray (safe; 1% risk of failure)
Confirm with . or Enter, or press ? or * to list all spells.
Aiming: Searing Ray (safe; 1% risk of failure)
Press: ? - help, Shift-Dir - straight line, f - orc
Aim: an orc, wielding a +0 flail and wearing a +0 chain mail (heavily wounded, 86% to hit)
The searing ray hits the orc. (Press . to maintain the ray.)
The orc completely misses you. 😨 MP[-1]
You lost 1 mp, and now have 1/14 mp.
The searing ray hits the orc but does no damage.
The orc hits you with a +0 flail.
* * * LOW HITPOINT WARNING * * *
😱 HP[-6] MP[-1]
You take 6 damage, and now have 5/28 hp.
MASSIVE DAMAGE!! (PAUSE)
You lost 1 mp, and now have 0/14 mp.
You hit the orc but do no damage. The orc hits you but does no damage.
You hit the orc but do no damage. The orc hits you but does no damage.
You hit the orc but do no damage. The orc hits you with a +0 flail.
* * * LOW HITPOINT WARNING * * *
😱 HP[-2]
You take 2 damage, and now have 3/28 hp.
You fade into invisibility!
The orc closely misses you.
A hobgoblin comes into view. 😱 MP[+1] 😱 HP[+1] 😱 MP[+1]
An orc comes into view. It is wielding a +0 whip.
A kobold comes into view.
It is wielding a +0 club. 😱 HP[+1] MP[+1]
A kobold comes into view. It is wielding a +0 short sword.
Found a stone staircase leading down. 😱 MP[+1]
The bat hits you.
* * * LOW HITPOINT WARNING * * *
😱 HP[-1]
You take 1 damage, and now have 4/28 hp.
The bat hits you but does no damage. 😱 HP[+1]
The bat closely misses you. x2
An endoplasm comes into view.
The bat hits you but does no damage.
The endoplasm quivers. 😱 MP[+1]
The bat misses you.
A bat comes into view.
The bat hits you but does no damage. The bat barely misses you.
The bat hits you.
* * * LOW HITPOINT WARNING * * *
There is a stone staircase leading down here. 😱 HP[-1]
You take 1 damage, and now have 4/28 hp.
The endoplasm freezes you.
You are frozen.
You die...

Skill      XL: |  1  2  3  4  5 |
---------------+----------------+-----
Conjurations   | 5 6 |  6.4
Spellcasting   | 4 5 |  5.1
Stealth        | 3 |  3.1
Fighting       | |  0.4
Armour         | |  0.4
Dodging        | |  2.8

Action                   |  1- 3 |  4- 6 || total
-------------------------+-------+-------++-------
Melee: Dagger            |       |     7 ||     7
       Punch             |       |     1 ||     1
 Cast: Magic Dart        |    41 |    32 ||    73
       Searing Ray       |    14 |    20 ||    34
  Use: Scroll            |       |     2 ||     2
       Potion            |       |     1 ||     1
Armor: Robe              |     1 |       ||     1
       Leather armour    |     2 |     9 ||    11
Dodge: Dodged            |     4 |    24 ||    28

Levels and vault maps discovered:
D:1:      saegor_arrival_simple_a, layout_loops_corners,
          chequers_ecumenical_altar_lobes, nrook_loot_triangle,
          serial_bayou_lagoon_a
D:2:      layout_loops_ring, serial_bayou, serial_bayou_pond_a,
          serial_bayou_lake_a, serial_bayou_pond_a, serial_bayou_crossing,
          serial_bayou_pond_a, serial_bayou_pond_b, uniq_crazy_yiuf_cottage
D:3:      layout_rooms, chequers_serial_rivers_marsh, uniq_robin
D:4:      layout_gridville
D:5:      layout_loops_ring, uniq_sigmund

Notes
Turn   | Place    | Note
-------+----------+-------------------------------------------
     0 | D:1      | mortz the Deep Elf Conjurer began the quest for the Orb.
     0 | D:1      | Reached XP level 1. HP: 10/10 MP: 6/6
     0 | D:1      | magus.rc [v1.9.6]
   234 | D:1      | Found a faded altar of an unknown god.
   320 | D:1      | Reached XP level 2. HP: 15/15 MP: 5/8
   323 | D:1      | Learned a level 2 spell: Searing Ray
   552 | D:1      | Reached skill level 5 in Conjurations
   749 | D:1      | You pick up a book of Burglary and begin reading...
   749 | D:1      | You add the spells Passwall, Ensorcelled Hibernation and
                  | Swiftness to your library.
   805 | D:1      | Reached XP level 3. HP: 19/19 MP: 4/9
  1872 | D:2      | Reached XP level 4. HP: 24/24 MP: 7/11
  2011 | D:2      | magus.rc [v1.9.6]
  2250 | D:2      | Found a runed translucent door.
  2251 | D:2      | Noticed Crazy Yiuf
  2653 | D:3      | Reached skill level 4 in Spellcasting
  2780 | D:3      | Noticed Robin
  2788 | D:2      | Reached skill level 6 in Conjurations
  2962 | D:3      | Reached XP level 5. HP: 28/28 MP: 11/13
  3015 | D:3      | Reached skill level 3 in Stealth
  3248 | D:3      | You fall into a shaft and drop 2 floors!
  3248 | D:5      | Entered Level 5 of the Dungeon
  3370 | D:3      | Killed Robin
  3371 | D:3      | Reached skill level 5 in Spellcasting
  3421 | D:3      | HP: 5/28 [orc/+0 flail (6)]
  3452 | D:3      | HP: 4/28 [bat (1)]
  3460 | D:3      | HP: 4/28 [bat (1)]
  3461 | D:3      | Frozen to death by an endoplasm

Vanquished Creatures
  An orc priest (D:3)
  A gnoll shaman (D:3)
  An orc wizard (D:2)
  Robin (D:3)
  3 adders (D:2)
  3 gnolls
  A worm (D:2)
  3 dart slugs
  2 orcs (D:2)
  3 ball pythons
  9 bats
  5 endoplasms
  2 giant cockroaches (D:1)
  9 hobgoblins
  3 quokkas
  A frilled lizard (D:1)
  17 goblins
  5 kobolds
70 creatures vanquished.

Vanquished Creatures (others)
  18 plants
18 creatures vanquished.

Grand Total: 88 creatures vanquished

Table legend:
 A = Non-vault XP
 B = Vault XP
 C = Vault XP percentage of total XP
 D = Non-vault monster count
 E = Vault monster count
 F = Vault count percentage of total count
                 A         B        C        D         E       F
            +---------+---------+-------+---------+---------+-------
      Total |     276 |      61 |  18.1 |      52 |      18 |  25.7
            +---------+---------+-------+---------+---------+-------
        D:1 |      46 |       0 |   0.0 |      24 |       0 |   0.0
        D:2 |     106 |      26 |  19.7 |      18 |       7 |  28.0
        D:3 |     122 |      35 |  22.3 |       9 |      11 |  55.0
        D:4 |       2 |       0 |   0.0 |       1 |       0 |   0.0
            +---------+---------+-------+---------+---------+-------

Illustrated notes

Table legend:
 A = Kills in this place as a percentage of kills in entire the game.
 B = Kills by you in this place as a percentage of kills by you in the entire game.
 C = Kills by friends in this place as a percentage of kills by friends in the entire game.
 D = Other kills in this place as a percentage of other kills in the entire game.
 E = Experience gained in this place as a percentage of experience gained in the entire game.
 F = Experience gained in this place divided by the number of levels of this place that you have seen.
                   A       B       C       D       E      F
               +-------+-------+-------+-------+-------+----------------------
         Total | 100.0 | 100.0 |   N/A |   N/A | 100.0 |  67.4
       Dungeon | 100.0 | 100.0 |   N/A |   N/A | 100.0 |  67.4
               +-------+-------+-------+-------+-------+----------------------

Table legend: (Time is in decaauts)
 A = Elapsed time spent in this place.
 B = Non-inter-level travel time spent in this place.
 C = Inter-level travel time spent in this place.
 D = Time resting spent in this place.
 E = Time spent auto-exploring this place.
 F = Levels seen in this place.
 G = Mean time per level.
                   A        B        C        D        E       F      G
               +--------+--------+--------+--------+--------+-----+--------+
         Total |   3514 |   3318 |    196 |    628 |   2282 |   5 |  702.8 |
       Dungeon |   3514 |   3318 |    196 |    628 |   2282 |   5 |  702.8 |
               +--------+--------+--------+--------+--------+-----+--------+

Top non-repeatable levels by time:
     D:2: 1852 daAuts
     D:1: 1307 daAuts
     D:3: 263 daAuts
     D:4: 81 daAuts
     D:5: 8 daAuts
